 Seeded DCSS version 0.29.1-15-g9cfb28693d (webtiles) character file.

Game seed: 2059698873584764700 (custom seed)

7416 Gelion the Geomancer (level 10, -2/60 HPs)
             Began as a Deep Elf Earth Elementalist on Mar 15, 2023.
             Was a Believer of Vehumet.
             Slain by a komodo dragon (15 damage)
             ... on level 9 of the Dungeon on Mar 16, 2023.
             The game lasted 00:34:45 (8538 turns).

Gelion the Geomancer (Deep Elf Earth Elementalist)  Turns: 8538, Time: 00:34:47

Health: -2/60      AC: 12    Str:  5    XL:     10   Next: 93%
Magic:  15/25      EV: 13    Int: 25    God:    Vehumet [**....]
Gold:   645        SH:  0    Dex: 21    Spells: 13/28 levels left

rFire   . . .      SeeInvis .   r - +9 dagger of Embarrassment {vorpal, Will+}
rCold   . . .      Faith    .   (no shield)
rNeg    . . .      Spirit   .   x - +1 robe {Will+}
rPois   .          Reflect  .   A - +1 helmet
rElec   .          Harm     .   g - +0 cloak
rCorr   .          Rampage  .   d - +0 pair of gloves
Will    +++..                   y - +0 pair of boots
Stlth   ++........              l - amulet of regeneration
HPRegen 1.00/turn               c - +6 ring of dexterity
MPRegen 0.19/turn               o - +4 ring of protection

@: very slightly contaminated
A: no striking features
a: Renounce Religion


You were on level 9 of the Dungeon.
You worshipped Vehumet.
Vehumet was pleased with you.
You visited 2 branches of the dungeon, and saw 10 of its levels.

You collected 645 gold pieces.

Inventory:

Hand Weapons
 r - the +9 dagger of Embarrassment (weapon) {vorpal, Will+}
   (You found it on level 4 of the Dungeon)

   It inflicts extra damage upon your enemies.
   Will:      It increases your willpower.
Armour
 d - a +0 pair of gloves (worn)
 g - a +0 cloak (worn)
 x - a +1 robe of willpower (worn)
 y - a +0 pair of boots (worn)
 A - a +1 helmet (worn)
Jewellery
 c - a +6 ring of dexterity (left hand)
 i - a +4 ring of evasion
 l - an amulet of regeneration (around neck)
 o - a +4 ring of protection (right hand)
 F - a ring of poison resistance
 G - a ring of protection from fire
 H - a +6 ring of dexterity
Wands
 a - a wand of digging (3)
 k - a wand of mindburst (1)
 u - a wand of paralysis (8)
 B - a wand of iceblast (2)
Scrolls
 f - a scroll of amnesia
 h - 3 scrolls of teleportation
 j - a scroll of identify
 p - 4 scrolls of immolation
 v - a scroll of fog
 E - a scroll of torment
 I - a scroll of silence
Potions
 b - 2 potions of magic
 e - 2 potions of mutation
 m - a potion of cancellation
 n - 3 potions of brilliance
 q - a potion of haste
 s - 2 potions of attraction
 t - 3 potions of invisibility
 w - a potion of berserk rage
 z - 3 potions of heal wounds
 C - 4 potions of flight
 D - a potion of might {unknown}
 J - a potion of curing


   Skills:
 + Level 5.6 Fighting
 - Level 2.4 Dodging
 - Level 2.4 Stealth
 + Level 9.5 Spellcasting
 * Level 10.2 Conjurations
 - Level 2.4 Transmutations
 * Level 11.3 Earth Magic


You had 13 spell levels left.
You knew the following spells:

 Your Spells              Type           Power      Damage    Failure   Level
a - Sandblast             Erth           100%       2d20      1%          1
b - Stone Arrow           Conj/Erth      100%       3d13      1%          3
c - Iskenderun's Battles  Conj           58%        2d11      2%          5
d - Iron Shot             Conj/Erth      30%        9d6       10%         6

Your spell library contained the following spells:

 Spells                   Type           Power      Damage    Failure   Level
 Poisonous Vapours        Pois/Air       22%        N/A       8%          2
 Passwall                 Tmut/Erth      38%        N/A       1%          2
 Wereblood                Tmut           24%        N/A       2%          2
 Petrify                  Tmut/Erth      46%        N/A       3%          4
 Freeze                   Ice            44%        1d6       5%          1
 Hailstorm                Conj/Ice       37%        3d9       6%          4
 Ensorcelled Hibernation  Hex/Ice        22%        N/A       8%          2
 Sublimation of Blood     Necr           11%        N/A       8%          2
 Frozen Ramparts          Ice            22%        1d4       16%         3
 Swiftness                Air            11%        N/A       16%         3
 Spellforged Servitor     Conj/Summ      18%        N/A       99%         7
 Summon Hydra             Summ           5%         N/A       100%        7


Dungeon Overview and Level Annotations

Branches:
Dungeon (9/15)             Temple (1/1) D:7
   Lair: D:8-11         Orc: D:9-12

Altars:
Ashenzari
Cheibriados
Dithmenos
Elyvilon
Fedhas
Gozag
Hepliaklqana
Makhleb
Nemelex Xobeh
Okawaru
Qazlal
Ru
Sif Muna
Trog
Uskayaw
Vehumet
Wu Jian
Xom
Yredelemnul
Zin
The Shining One

Shops:
D:1 ((


Message History

Confirm with . or Enter, or press ? or * to list all spells.
Aiming: Sandblast (safe; 1% risk of failure)
Press: ? - help, Shift-Dir - straight line, f - komodo dragon
Aim: a komodo dragon (89% to hit)
The blast of sand hits the komodo dragon but does no damage.
Casting: Sandblast (safe; 1% risk of failure)
Confirm with . or Enter, or press ? or * to list all spells.
Aiming: Sandblast (safe; 1% risk of failure)
Press: ? - help, Shift-Dir - straight line, f/p - komodo dragon
Aim: a komodo dragon (89% to hit)
The blast of sand hits the komodo dragon!
The komodo dragon is moderately wounded.
Casting: Sandblast (safe; 1% risk of failure)
Confirm with . or Enter, or press ? or * to list all spells.
Aiming: Sandblast (safe; 1% risk of failure)
Press: ? - help, Shift-Dir - straight line, f/p - komodo dragon
Aim: a komodo dragon (moderately wounded, 89% to hit)
The blast of sand hits the komodo dragon!
The komodo dragon is heavily wounded.
The komodo dragon bites you!!
Casting: Sandblast (safe; 1% risk of failure)
Confirm with . or Enter, or press ? or * to list all spells.
Aiming: Sandblast (safe; 1% risk of failure)
Press: ? - help, Shift-Dir - straight line, f/p - komodo dragon
Aim: a komodo dragon (heavily wounded, 89% to hit)
The blast of sand hits the komodo dragon!
The komodo dragon is almost dead.
The komodo dragon bites you!!
* * * LOW HITPOINT WARNING * * *
The komodo dragon closely misses you.
Casting: Sandblast (safe; 1% risk of failure)
Confirm with . or Enter, or press ? or * to list all spells.
The spell is quite dangerous to miscast (10% risk of failure)!
Continue anyway?
Aiming: Iron Shot (quite dangerous; 10% risk of failure)
Press: ? - help, Shift-Dir - straight line, f/p - komodo dragon
Aim: a komodo dragon (almost dead, 81% to hit)
You miscast Iron Shot.
You are very lightly contaminated with residual magic.
Nothing appears to happen.
The komodo dragon bites you!
You die...

..# . # .. . #
..#. # ..# ##
..## .#
#..###### .#
##l....... .#
#.@# .# ##.##
.# ##..# .#
##†.## .#
######.†## .#
###.....†..#
##
##..........#
#
##...........#
#............#


You could see a komodo dragon.

Vanquished Creatures
  Pikel (D:5)
  A cyclops (D:9)
  A kobold demonologist (D:9)
  Grinder (D:5)
  Sigmund (D:5)
  12 yaks
  2 wyverns
  A steam dragon (D:9)
  2 orc warriors
  3 ice beasts
  2 black bears (D:6)
  An ogre (D:5)
  3 centaurs
  4 phantoms
  2 kobold brigands
  Blork the orc (D:4)
  4 bullfrogs (D:8)
  4 necrophages
  2 scorpions
  12 wights
  A howler monkey (D:6)
  An electric eel (D:6)
  2 jellies
  9 orc priests
  A gnoll bouda (D:7)
  2 hounds
  Ijyb (D:5)
  3 iguanas
  9 orc wizards
  Natasha (thrice) (D:4)
  5 gnolls (D:7)
  6 adders
  A shadow imp (D:6)
  3 white imps
  2 ufetubi (D:5)
  2 worms
  2 dart slugs
  38 orcs
  4 endoplasms
  6 giant cockroaches
  4 goblins
  7 hobgoblins
  4 jackals (D:2)
  10 kobolds
  4 quokkas
  2 ball pythons
  6 bats
  5 frilled lizards
  6 rats
209 creatures vanquished.

Vanquished Creatures (others)
  25 plants (D:8)
25 creatures vanquished.

Grand Total: 234 creatures vanquished

Notes
Turn   | Place    | Note
-------+----------+-------------------------------------------
     0 | D:1      | Gelion the Deep Elf Earth Elementalist began the quest for
                  | the Orb.
     0 | D:1      | Reached XP level 1. HP: 10/10 MP: 6/6
   222 | D:1      | Found Vemy's Weapon Emporium.
   330 | D:1      | Reached XP level 2. HP: 15/15 MP: 6/8
   424 | D:1      | Found Dyful's Antique Weapon Shop.
  1287 | D:2      | Found a blossoming altar of Fedhas.
  1297 | D:2      | Reached XP level 3. HP: 20/20 MP: 5/9
  1393 | D:2      | Reached skill level 4 in Earth Magic
  2005 | D:3      | Reached skill level 1 in Fighting
  2330 | D:3      | Reached XP level 4. HP: 25/25 MP: 9/11
  2408 | D:3      | Found a faded altar of an unknown god.
  2414 | D:3      | HP: 1/25 [orc priest/nerve-wracking pain (12)]
  2816 | D:3      | Found a shimmering blue altar of Sif Muna.
  2826 | D:3      | Learned a level 3 spell: Stone Arrow
  3056 | D:3      | Reached XP level 5. HP: 29/29 MP: 11/13
  3241 | D:4      | Noticed Blork the orc
  3247 | D:4      | Killed Blork the orc
  3248 | D:4      | Reached skill level 1 in Conjurations
  3248 | D:4      | Reached skill level 5 in Earth Magic
  3340 | D:4      | Reached XP level 6. HP: 35/35 MP: 8/14
  3420 | D:4      | Noticed Natasha
  3428 | D:4      | Killed Natasha
  3445 | D:4      | Noticed Natasha
  3449 | D:4      | Killed Natasha
  3524 | D:4      | Identified the +9 dagger of Embarrassment {vorpal, Will+}
  3652 | D:4      | You fall into a shaft and drop 1 floor!
  3652 | D:5      | Entered Level 5 of the Dungeon
  3674 | D:5      | Reached skill level 5 in Spellcasting
  3676 | D:5      | Reached XP level 7. HP: 28/40 MP: 3/16
  3770 | D:5      | Reached skill level 6 in Earth Magic
  3896 | D:4      | Noticed Natasha
  3904 | D:4      | Killed Natasha
  4353 | D:5      | Noticed Ijyb
  4361 | D:5      | Killed Ijyb
  4539 | D:5      | Noticed Sigmund
  4546 | D:5      | Killed Sigmund
  4711 | D:5      | Reached skill level 7 in Earth Magic
  4711 | D:5      | Reached XP level 8. HP: 46/46 MP: 14/18
  4759 | D:5      | Reached skill level 5 in Conjurations
  4812 | D:5      | Noticed Grinder
  4812 | D:5      | Noticed Pikel
  4826 | D:5      | Killed Pikel
  4828 | D:5      | Killed Grinder
  4829 | D:5      | Reached skill level 8 in Earth Magic
  5118 | D:5      | Found a glowing silver altar of Zin.
  5272 | D:6      | Reached XP level 9. HP: 52/52 MP: 18/21
  5711 | D:6      | Reached skill level 9 in Earth Magic
  5929 | D:6      | Found a faded altar of an unknown god.
  5929 | D:6      | Found a hide-covered altar of Uskayaw.
  5940 | D:6      | Found a radiant altar of Vehumet.
  5945 | D:6      | Found a blossoming altar of Fedhas.
  5950 | D:6      | Found an ornate altar of the Wu Jian Council.
  5956 | D:6      | Became a worshipper of Vehumet
  6685 | D:7      | Found a staircase to the Ecumenical Temple.
  6704 | Temple   | Entered the Ecumenical Temple
  6704 | Temple   | Found a transporter.
  6704 | Temple   | Found a transporter.
  6723 | Temple   | Found a transporter.
  6723 | Temple   | Found a transporter.
  6786 | D:7      | Reached XP level 10. HP: 58/58 MP: 13/24
  6789 | D:7      | Reached * piety under Vehumet
  6789 | D:7      | Offered knowledge of Shock by Vehumet.
  6790 | D:7      | Reached skill level 10 in Earth Magic
  7260 | D:8      | Learned a level 5 spell: Iskenderun's Battlesphere
  7267 | D:8      | Learned a level 6 spell: Iron Shot
  7324 | D:8      | Identified the +6 glaive of the Inviting Genius {flame,
                  | Will+ Int+2}
  7533 | D:8      | Reached skill level 5 in Fighting
  7590 | D:8      | Found a basalt altar of Yredelemnul.
  7754 | D:8      | Found a burning altar of Makhleb.
  8064 | D:9      | Noticed a cyclops
  8100 | D:9      | Killed a cyclops
  8100 | D:9      | Reached ** piety under Vehumet
  8100 | D:9      | Offered knowledge of Poisonous Vapours by Vehumet.
  8107 | D:9      | Reached skill level 11 in Earth Magic
  8114 | D:9      | Reached skill level 10 in Conjurations
  8538 | D:9      | Slain by a komodo dragon

Illustrated notes

Levels and vault maps discovered:
D:1:      dpeg_arrival_prison, layout_loops_ring, serial_shops, shop,
          nicolae_shop_bloodbath_and_beyond, minmay_pentomino_s4
D:2:      layout_basic, basic_altar, roderic_serpentine_path,
          nicolae_kite_square_tiling_tiny, st_stairs_6,
          chequers_decorated_corner, minmay_puff
D:3:      layout_basic, nicolae_sif_muna_condensation,
          ebering_ecumenical_altar_abandoned
D:4:      layout_basic, small_statue_intersection, uniq_blork_the_orc,
          uniq_natasha
D:5:      layout_gridville, kennysheep_mini, dk_noncrumbling_3,
          grunt_ministairs_15, uniq_grinder, uniq_ijyb, uniq_sigmund, uniq_pikel
D:6:      layout_loops_ring, chequers_temple_overflow_minitemple, st_stairs_7,
          nicolae_water_bricks, kennysheep_generic_room_13
D:7:      layout_basic, minmay_temple_entry_proselytizer, grunt_tough_drop
D:8:      layout_rooms, general_overflow_altar,
          mainiacjoe_overflow_cross_hatched
D:9:      layout_cave_pods, minivault_25
Temple:   hellmonk_temple_divided_pantheon

Skill      XL: |  1  2  3  4  5  6  7  8  9 10 |
---------------+-------------------------------+-----
Earth Magic    | 4 5 7 8 9 11 | 11.3
Fighting       | 1 2 3 4 5 |  5.6
Transmutations | 2 |  2.4
Spellcasting   | 4 5 7 8 9 |  9.5
Conjurations   | 1 3 4 6 8 10 | 10.2
Dodging        | |  2.4
Stealth        | |  2.4

Action                   |  1- 3 |  4- 6 |  7- 9 | 10-12 || total
-------------------------+-------+-------+-------+-------++-------
Melee: Unarmed           |     2 |       |       |       ||     2
       Dagger            |       |     1 |    23 |       ||    24
 Cast: Sandblast         |    56 |    56 |   157 |   119 ||   388
       Stone Arrow       |       |     1 |     1 |       ||     2
       Iskenderun's Batt |       |       |       |     2 ||     2
  Use: Scroll            |     4 |     5 |    10 |     6 ||    25
       Potion            |       |       |       |     1 ||     1
 Stab: Sleeping          |       |       |     2 |       ||     2
Armor: Robe              |     2 |     8 |    36 |    22 ||    68
Dodge: Dodged            |     7 |     7 |    53 |    80 ||   147
